 Dungeon Crawl Stone Soup version 0.27-a0-538-g15ff5c5295 (webtiles) character file.

Game seed: 986163522928108005

36 jasper the Vandal (level 3, 0/26 HPs)
             Began as a Demonspawn Arcane Marksman on Mar 6, 2021.
             Was a Plaything of Xom.
             Succumbed to an adder's poison
             ... on level 2 of the Dungeon.
             The game lasted 00:02:18 (1093 turns).

jasper the Vandal (Demonspawn Arcane Marksman)      Turns: 1093, Time: 00:02:18

Health: 0/26       AC:  2    Str: 11    XL:     3   Next: 19%
Magic:  4/4        EV: 12    Int: 16    God:    Xom [..*...]
Gold:   16         SH:  0    Dex: 15    Spells: 3/4 levels left

rFire    . . .     SeeInvis .   a - +0 hunting sling
rCold    . . .     Faith    .   (no shield)
rNeg     . . .     Spirit   .   e - +0 robe
rPois    .         Reflect  .   (no helmet)
rElec    .         Harm     .   (no cloak)
rCorr    .         Rampage  .   (no gloves)
Will     .....                  (no boots)
Stlth    ++........             (no amulet)
HPRegen  0.08/turn              (no ring)
MPRegen  0.18/turn              (no ring)

@: lethally poisoned (0 -> -6)
A: thin skeletal structure 1, clever 1, sense surroundings 1, magic regeneration
a: Renounce Religion


You were on level 2 of the Dungeon.
You worshipped Xom.
You were a toy of Xom.
You visited 1 branch of the dungeon, and saw 2 of its levels.

You collected 16 gold pieces.

Inventory:

Hand Weapons
 a - a +0 hunting sling (weapon)
Missiles
 b - 38 stones (quivered ammo)
Armour
 e - a +0 robe (worn)
Scrolls
 f - 2 scrolls of identify {unknown}
 g - a scroll of magic mapping {unknown}


   Skills:
 - Level 1.0 Fighting
 + Level 3.3 Slings
 - Level 1.7 Dodging
 - Level 1.0 Spellcasting
 - Level 3.0 Hexes


You had 3 spell levels left.
You knew the following spells:

 Your Spells              Type           Power      Damage    Failure   Level
a - Corona                Hex            11%        N/A       7%          1

Your spell library contained the following spells:

 Spells                   Type           Power      Damage    Failure   Level
 Slow                     Hex            10%        N/A       10%         2
 Inner Flame              Hex/Fire       5%         N/A       36%         3
 Portal Projectile        Hex/Tloc       10%        N/A       36%         3
 Cause Fear               Hex            5%         N/A       54%         4
 Leda's Liquefaction      Hex/Erth       2%         N/A       77%         4


Dungeon Overview and Level Annotations

Branches:
Dungeon (2/15)

Altars:
Xom


Innate Abilities, Weirdness & Mutations

You have a somewhat thin skeletal structure. (Dex +2, Stealth)
You regenerate magic rapidly.
Your mind is acute. (Int +2)
You passively map a small area around you.


Message History

You are more poisoned.
The adder poisons you!
You take 3 damage, and have 2/21 hp.
Fire: 2 sling bullets
Press: ? - help, Q - select action, (/) - cycle Shift-Dir - straight line, f/p - adder
Aim: an adder (severely wounded, 38% to hit)
You shoot a sling bullet.
The sling bullet hits the adder but does no damage.
The adder is severely wounded.
The adder barely misses you.
Fire: sling bullet
Press: ? - help, Q - select action, (/) - cycle Shift-Dir - straight line, f/p - adder
Aim: an adder (severely wounded, 38% to hit)
You shoot a sling bullet.
The sling bullet hits the adder but does no damage.
The adder is severely wounded.
* * * LOW HITPOINT WARNING * * *
You feel sick. The adder bites you but does no damage.
You take 1 damage, and have 1/21 hp.
Fire: 39 stones
Press: ? - help, Q - select action, (/) - cycle Shift-Dir - straight line, f/p - adder
Aim: an adder (severely wounded, 38% to hit)
You shoot a stone. The stone hits the adder.
You kill the adder!
* * * LOW HITPOINT WARNING * * *
You feel sick.
You have reached level 3!
Your experience leads to an increase in your attributes!
Your base attributes are Str 10, Int 14, Dex 13.
Increase (S)trength, (I)ntelligence, or (D)exterity?
You feel stronger.
Your demonic ancestry asserts itself...
Your bones become slightly less dense.
Xom thinks this is hilarious!
MP restored: 4 Really quaff the potion of mutation?
You feel extremely strange.
You no longer feel heat resistant.
You no longer feel strong-willed.
You feel a strange attunement to the structure of the dungeons.
You die...
Xom bursts into laughter!

#.# , , #### #.. , * #.. ...,
,, ,, #.. ..#* ,* * # #.# #.#
#. #...# #. #.#
#.#######.####...###
#.##.#####.##........g.......
#.......รทรท.##.####...........
###..##.....@.(.(#...........
#.<##.#####.##.#...g.......
#).##.# #.##b#..#........
#..##.# #.##.#....._.....
#..##.# #.##(............
#..##.# #.#####.#..#.#..#
#.....# #.# #.#..#.#S.# #.###
#.# #.#..#.# .. #.. , ,*
.......# .#


There were no monsters in sight!

Vanquished Creatures
  2 adders (D:2)
  An ooze (D:1)
  A leopard gecko (D:1)
  4 hobgoblins
  2 goblins (D:1)
  3 kobolds (D:1)
  2 rats
15 creatures vanquished.

Notes
Turn   | Place    | Note
-------+----------+-------------------------------------------
     0 | D:1      | jasper the Demonspawn Arcane Marksman began the quest for
                  | the Orb.
     0 | D:1      | Reached XP level 1. HP: 15/15 MP: 2/2
   337 | D:1      | Gained mutation: You regenerate magic rapidly. [demonic
                  | ancestry]
   337 | D:1      | Reached XP level 2. HP: 21/21 MP: 3/3
  1054 | D:2      | Found a shimmering altar of Xom.
  1062 | D:2      | Became a worshipper of Xom the Random Number God
  1075 | D:2      | XOM: silly message
  1078 | D:2      | XOM: butterfly on damage
  1084 | D:2      | Gained mutation: Your flesh is heat resistant. (rF+)
                  | [potion of mutation]
  1084 | D:2      | Gained mutation: You are strong-willed. (Will+) [potion of
                  | mutation]
  1084 | D:2      | Gained mutation: Your mind is acute. (Int +2) [potion of
                  | mutation]
  1090 | D:2      | HP: 1/21 [poisoned by an adder]
  1092 | D:2      | Gained mutation: You have a somewhat thin skeletal
                  | structure. (Dex +2, Stealth) [demonic ancestry]
  1092 | D:2      | Reached XP level 3. HP: 1/26 MP: 4/4
  1092 | D:2      | Lost mutation: Your flesh is heat resistant. (rF+) [potion
                  | of mutation]
  1092 | D:2      | Lost mutation: You are strong-willed. (Will+) [potion of
                  | mutation]
  1092 | D:2      | Gained mutation: You passively map a small area around you.
                  | [potion of mutation]
  1093 | D:2      | Succumbed to an adder's poison

Illustrated notes

Levels and vault maps discovered:
D:1:      scummos_arrival_simple_fountains, layout_basic
D:2:      layout_loops_ring, nicolae_overflow_hidden_temple,
          brannock_xom_greatest_gift, kennysheep_decorative_pillar

Skill      XL: |  1  2 |
---------------+-------+-----
Slings         | 2 3 |  3.3
Fighting       | |  1.0
Dodging        | |  1.7
Spellcasting   | |  1.0
Hexes          | |  3.0

Action                   || total
-------------------------++-------
 Fire: Hunting sling     ||    67
  Use: Potion            ||     2
Armor: Robe              ||     2
Dodge: Dodged            ||    23

Table legend: (Time is in decaauts)
 A = Elapsed time spent in this place.
 B = Non-inter-level travel time spent in this place.
 C = Inter-level travel time spent in this place.
 D = Time resting spent in this place.
 E = Time spent auto-exploring this place.
 F = Levels seen in this place.
 G = Mean time per level.
                   A        B        C        D        E       F      G
               +--------+--------+--------+--------+--------+-----+--------+
         Total |   1098 |   1098 |      0 |     17 |    909 |   2 |  549.0 |
       Dungeon |   1098 |   1098 |      0 |     17 |    909 |   2 |  549.0 |
               +--------+--------+--------+--------+--------+-----+--------+

Top non-repeatable levels by time:
     D:1: 694 daAuts
     D:2: 404 daAuts
